 Dungeon Crawl Stone Soup version 0.31-a0-263-ge8cad7f256 (webtiles) character file.

Game seed: 4816912684291022053

91 qw the Shooter (level 4, 0/36 HPs)
             Began as a Minotaur Hexslinger on July 13, 2023.
             Succumbed to an adder's poison
             ... on level 2 of the Dungeon.
             The game lasted 00:00:26 (1230 turns).

qw the Shooter (Minotaur Hexslinger)                Turns: 1230, Time: 00:00:26

Health: 0/36       AC:  3    Str: 12    XL:     4   Next: 34%
Magic:  4/4        EV: 12    Int: 10    God:
Gold:   122        SH:  0    Dex: 15    Spells: 4/5 levels left

rFire   . . .        Y - +1 sling
rCold   . . .        (no shield)
rNeg    . . .        h - +0 leather armour
rPois   .            (helmet restricted)
rElec   .            (no cloak)
rCorr   .            (no gloves)
SInv    .            (no boots)
Will    .....        (no amulet)
Stlth   +            (no ring)
HPRegen 0.26/turn    (no ring)
MPRegen 0.09/turn

%: no passive effects
@: lethally poisoned (0 -> -13)
A: horns 2, retaliatory headbutt
a: no special abilities


You were on level 2 of the Dungeon.
You visited 1 branch of the dungeon, and saw 2 of its levels.

You collected 122 gold pieces.


Innate Abilities, Weirdness & Mutations

You have a pair of horns on your head.
You reflexively headbutt those who attack you in melee.


   Skills:
 - Level 2.0 Fighting
 + Level 4.9 Ranged Weapons
 - Level 2.1 Dodging
 - Level 1.0 Spellcasting
 - Level 2.0 Hexes


You had 4 spell levels left.
You knew the following spells:

 Your Spells              Type           Power      Damage    Failure   Level
a - Slow                  Hex            16%        N/A       19%         1

Your spell library contained the following spells:

 Spells                   Type           Power      Damage    Failure   Level
 Inner Flame              Hex/Fire       2%         N/A       65%         3
 Portal Projectile        Hex/Tloc       4%         N/A       65%         3
 Cause Fear               Hex            2%         N/A       88%         4

Inventory:

Hand Weapons
 Y - a +1 sling (weapon)
Armour
 h - a +0 leather armour (worn)
Scrolls
 a - a scroll of amnesia {unknown}
Potions
 e - a potion of might {unknown}

Dungeon Overview and Level Annotations

Branches:
Dungeon (2/15)

Altars:


Message History

The adder is moderately wounded.
You feel sick. The adder bites you.
You are more poisoned.
The adder poisons you! The adder bites you but does no damage.
The adder barely misses you.
You shoot a sling bullet. The sling bullet misses the adder.
The sling bullet barely misses the goblin.
You feel sick. The adder barely misses you. The adder bites you.
The adder closely misses you.
You shoot a sling bullet.
The sling bullet closely misses the adder.
The sling bullet hits the goblin.
You kill the goblin!
You feel sick. The adder bites you but does no damage. The adder bites you.
You are more poisoned.
The adder poisons you! The adder bites you but does no damage.
You shoot a sling bullet.
The sling bullet closely misses the adder.
You feel very sick. The adder bites you.
You are more poisoned.
The adder poisons you! The adder bites you. x2
You are lethally poisoned!
The adder poisons you!
You shoot a sling bullet. The sling bullet hits the adder.
The adder is severely wounded.
You feel very sick. The adder bites you but does no damage.
The adder barely misses you. x2
You furiously retaliate!
You headbutt the adder!
You kill the adder!
The adder barely misses you.
You shoot a sling bullet.
The sling bullet barely misses the adder.
You feel very sick. The adder bites you.
You are more poisoned.
The adder poisons you!
You shoot a sling bullet.
The sling bullet closely misses the adder.
You die...

#. #.# #. #[# #.
#)# ##. # #$#
#.%#.#)# #..S#%#
#...@#####..#
##.........#
##...###### #.
..###.###
#.......##...#
#....##.#....#
#.....#.#....#
#...#>.......#
#...#.#.##...######


You could see an adder.

Vanquished Creatures
  A jelly (D:2)
  An adder (D:2)
  A gnoll (D:1)
  A dart slug (D:1)
  2 bats (D:1)
  2 endoplasms
  2 giant cockroaches (D:1)
  7 goblins
  5 hobgoblins
  3 jackals (D:1)
  A quokka (D:2)
  3 ball pythons (D:1)
  3 frilled lizards
  A kobold (D:1)
  4 rats
37 creatures vanquished.

Notes
Turn   | Place    | Note
-------+----------+-------------------------------------------
     0 | D:1      | qw the Minotaur Hexslinger began the quest for the Orb.
     0 | D:1      | Reached XP level 1. HP: 16/16 MP: 1/1
     0 | D:1      | 0 ||| qw: Version: 0.3-a-52-g30416fa
     0 | D:1      | 0 ||| qw: Game counter: 7097
     0 | D:1      | 0 ||| qw: Melee chars always use a shield: true
     0 | D:1      | 0 ||| qw: God list: Okawaru
     0 | D:1      | 0 ||| qw: Allow faded altars: false
     0 | D:1      | 0 ||| qw: Do Orc after clearing Dungeon:15 true
     0 | D:1      | 0 ||| qw: Do second Lair branch before Depths: true
     0 | D:1      | 0 ||| qw: Lair rune preference: random
     0 | D:1      | 0 ||| qw: Goals: Normal
     0 | D:1      | 0 ||| PLANNING D:1-11
   207 | D:1      | Reached skill level 3 in Ranged Weapons
   207 | D:1      | Reached XP level 2. HP: 23/23 MP: 2/2
   481 | D:1      | Reached XP level 3. HP: 29/29 MP: 3/3
   914 | D:1      | 914 ||| UPGRADING to +0 leather armour.
   924 | D:1      | 924 ||| DROPPING +0 robe.
   925 | D:1      | 925 ||| READING 2 scrolls labelled KOILOTENKIL.
   926 | D:1      | 926 ||| READING scroll labelled MUBRONG KIECUBB.
   927 | D:1      | 927 ||| READING scroll labelled REX DUJUATU.
   930 | D:1      | 930 ||| READING scroll labelled BEJA GUPRE.
  1031 | D:1      | 1031 ||| DROPPING scroll of fear.
  1032 | D:1      | 1032 ||| DROPPING scroll of poison.
  1084 | D:2      | Reached skill level 4 in Ranged Weapons
  1095 | D:2      | Reached XP level 4. HP: 12/36 MP: 4/4
  1228 | D:2      | HP: 8/36 [poisoned by an adder]
  1229 | D:2      | HP: 3/36 [adder (2)]
  1230 | D:2      | Succumbed to an adder's poison

Levels and vault maps discovered:
D:1:      lightli_arrival_statuegarden, layout_basic, chequers_jeans,
          minmay_misc_feat_room
D:2:      minmay_wonky_spiral, layout_basic, minmay_circle_x

Skill      XL: |  1  2  3 |
---------------+----------+-----
Ranged Weapons | 3 4 |  4.9
Fighting       | 2 |  2.0
Dodging        | |  2.1
Spellcasting   | |  1.0
Hexes          | |  2.0

Action                     |  1- 3 |  4- 6 || total
---------------------------+-------+-------++-------
   Fire: Sling             |    86 |    23 ||   109
    Use: Scroll            |     4 |       ||     4
 Armour: Robe              |     7 |       ||     7
         Leather armour    |     1 |     7 ||     8
  Dodge: Dodged            |    17 |     9 ||    26

Table legend:
 A = Non-vault XP
 B = Vault XP
 C = Vault XP percentage of total XP
 D = Non-vault monster count
 E = Vault monster count
 F = Vault count percentage of total count
                 A         B        C        D         E       F
            +---------+---------+-------+---------+---------+-------
      Total |     108 |      23 |  17.6 |      31 |       6 |  16.2
            +---------+---------+-------+---------+---------+-------
        D:1 |      57 |       0 |   0.0 |      26 |       0 |   0.0
        D:2 |      51 |      23 |  31.1 |       5 |       6 |  54.5
            +---------+---------+-------+---------+---------+-------
